 Dungeon Crawl Stone Soup version 0.28-a0-245-g639a1a48b9 (webtiles) character file.

Game seed: 16286424562248561577

257 willcat the Covert (level 6, 0/37 HPs)
             Began as a Kobold Delver on Aug 25, 2021.
             Slain by an iguana (12 damage)
             ... on level 5 of the Dungeon.
             The game lasted 00:02:05 (1937 turns).

willcat the Covert (Kobold Delver)                  Turns: 1937, Time: 00:02:06

Health: 0/37       AC:  3    Str: 10    XL:     6   Next: 39%
Magic:  6/6        EV: 16    Int: 12    God:
Gold:   45         SH:  0    Dex: 17    Spells: 5/5 levels left

rFire   . . .      SeeInvis .   f - +3 rapier (speed)
rCold   . . .      Faith    .   (shield restricted)
rNeg    . . .      Spirit   .   b - +0 leather armour
rPois   .          Reflect  .   (no helmet)
rElec   .          Harm     .   (no cloak)
rCorr   .          Rampage  .   (no gloves)
Will    .....                   (no boots)
Stlth   +++++.....              (no amulet)
HPRegen 0.12/turn               (no ring)
MPRegen 0.10/turn               (no ring)

@: hasted, very quick
A: small, no large weapons, nightstalker 3
a: no special abilities


You were on level 5 of the Dungeon.
You visited 1 branch of the dungeon, and saw 1 of its levels.
You also visited: Ossuary.

You collected 45 gold pieces.

Inventory:

Hand Weapons
 a - a +0 short sword
 f - a +3 rapier of speed (weapon)
Armour
 b - a +0 leather armour (worn)
Wands
 g - a wand of digging (3)
Scrolls
 c - a scroll of fog
 d - a scroll of magic mapping
 e - a scroll of fear
Potions
 h - a potion of flight {unknown}
 j - 2 potions of curing
 k - 2 potions of cancellation {unknown}
 l - a potion of mutation {unknown}
 m - 3 potions of brilliance {unknown}
 n - a potion of haste


   Skills:
 - Level 3.2 Fighting
 + Level 5.2 Short Blades
 + Level 4.7 Dodging
 + Level 8.2 Stealth


You had 5 spell levels left.
You didn't know any spells.
Your spell library was empty.

Dungeon Overview and Level Annotations

Branches:
Dungeon (5/15)            Ossuary (visited)
 Temple: D:4-7

Altars:

Annotations:
D:5 Menkaure


Innate Abilities, Weirdness & Mutations

You are small and have problems with some larger weapons.
You are completely attuned to the shadows.


Message History

No target in view!
No target in view!
No target in view!
A gnoll comes into view.
It is wielding a +1 flail of holy wrath.
A gnoll is nearby!
A gnoll is nearby!
A gnoll is nearby!
A gnoll comes into view. It is wielding a +0 spear.
The helpless gnoll fails to defend itself.
You perforate the gnoll like a sieve!!!
You kill the gnoll!
The gnoll shouts!
You hear a shout!
The gnoll hits you from afar with a +0 spear.
The gnoll closely misses you.
You closely miss the gnoll. You barely miss the gnoll.
The gnoll closely misses you.
You closely miss the gnoll. You puncture the gnoll!
The gnoll is severely wounded.
The gnoll hits you with a +0 spear.
Menkaure, Prince of Dust comes into view.
You hit the gnoll.
The gnoll is severely wounded.
The gnoll hits you with a +0 spear!
You are too injured to fight recklessly!
The gnoll hits you from afar with a +0 spear!
* * * LOW HITPOINT WARNING * * *
Unknown command.
As you read the scroll labelled LORIQOCOLA, it crumbles to dust.
You hear a loud clanging noise!
It was a scroll of noise.
You hear a shout!
You hear an angry hiss.
You hear a bark!
You hear a shout!
You hear an angry hiss.
You hear a bark!
You hear a shout! x2
The gnoll completely misses you.
You feel yourself speed up. The gnoll closely misses you.
An iguana comes into view.
You hit the iguana.
The iguana is moderately wounded.
The iguana bites you!
You die...

.......#
.......###########
.........g.......#
.#...M.#####....#
#....## ##...#
#..).# ##..#
.#...+ #..# .....+
#..# #....# #l@#
#....# #..# #....#
#.... #....#.
........ . .


You could see an iguana.

Vanquished Creatures
  2 water moccasin zombies (Ossuary)
  A centaur zombie (D:5)
  2 mummies (Ossuary)
  5 gnolls (D:5)
  5 adder zombies (Ossuary)
  5 gnoll zombies (Ossuary)
  3 hobgoblin zombies (Ossuary)
  8 kobold zombies (Ossuary)
  4 orc zombies (Ossuary)
35 creatures vanquished.

Notes
Turn   | Place    | Note
-------+----------+-------------------------------------------
     0 | D:5      | willcat the Kobold Delver began the quest for the Orb.
     0 | D:5      | Reached XP level 1. HP: 14/14 MP: 1/1
    76 | D:5      | Found a sand-covered staircase.
    81 | Ossuary  | Entered an ossuary
   118 | Ossuary  | Reached XP level 2. HP: 4/19 MP: 2/2
   560 | Ossuary  | Reached XP level 3. HP: 23/23 MP: 3/3
   593 | Ossuary  | Reached skill level 7 in Stealth
   629 | Ossuary  | HP: 1/23 [water moccasin zombie (2)]
  1091 | Ossuary  | Reached XP level 4. HP: 3/28 MP: 4/4
  1435 | Ossuary  | Reached XP level 5. HP: 18/32 MP: 5/5
  1696 | Ossuary  | Identified a scroll of acquirement
  1696 | Ossuary  | Acquired a +3 rapier of speed
  1744 | D:5      | Reached skill level 8 in Stealth
  1744 | D:5      | Reached XP level 6. HP: 26/37 MP: 6/6
  1866 | D:5      | Reached skill level 5 in Short Blades
  1919 | D:5      | Noticed Menkaure
  1937 | D:5      | Slain by an iguana

Illustrated notes

Levels and vault maps discovered:
D:5:      layout_cave_pools, serial_gnoll_camp, gnoll_camp_mini_loothouse,
          gnoll_camp_mini_shop, gnoll_camp_mini_doghouse,
          gnoll_camp_mini_sergeant, gnoll_camp_mini_house, enter_ossuary_5,
          uniq_menkaure

Skill      XL: |  1  2  3  4  5  6 |
---------------+-------------------+-----
Short Blades   | 3 4 5 |  5.2
Dodging        | 3 4 |  4.7
Stealth        | 7 8 |  8.2
Fighting       | |  3.2

Action                   |  1- 3 |  4- 6 || total
-------------------------+-------+-------++-------
Melee: Short sword       |   116 |    44 ||   160
       Rapier            |       |    18 ||    18
  Use: Potion            |     2 |     1 ||     3
       Scroll            |       |     2 ||     2
 Stab: Sleeping          |     4 |     8 ||    12
Armor: Leather armour    |    17 |    10 ||    27
Dodge: Dodged            |    56 |    47 ||   103

Table legend: (Time is in decaauts)
 A = Elapsed time spent in this place.
 B = Non-inter-level travel time spent in this place.
 C = Inter-level travel time spent in this place.
 D = Time resting spent in this place.
 E = Time spent auto-exploring this place.
 F = Levels seen in this place.
 G = Mean time per level.
                   A        B        C        D        E       F      G
               +--------+--------+--------+--------+--------+-----+--------+
         Total |   1897 |   1897 |      0 |   1230 |    277 |   2 |  948.5 |
       Dungeon |    299 |    299 |      0 |      0 |    219 |   1 |  299.0 |
       Ossuary |   1597 |   1597 |      0 |   1230 |     58 |   1 | 1597.0 |
               +--------+--------+--------+--------+--------+-----+--------+

Top non-repeatable levels by time:
 Ossuary: 1597 daAuts
     D:5: 299 daAuts
